 Dungeon Crawl Stone Soup version 0.31-a0-774-g0d66cbabe8 (webtiles) character file.

Game seed: 1082007110535040936

22 kae the Digger (level 2, -1/15 HPs)
             Began as a Gargoyle Earth Elementalist on Sept 17, 2023.
             Slain by Terence
             ... wielding a +4 flail of protection
              (5 damage)
             ... on level 3 of the Dungeon.
             The game lasted 00:01:16 (803 turns).

kae the Digger (Gargoyle Earth Elementalist)         Turns: 803, Time: 00:01:17

Health: -1/15      AC:  6    Str: 11    XL:     2   Next: 91%
Magic:  0/5        EV: 11    Int: 15    God:
Gold:   71         SH:  0    Dex: 10    Spells: 4/5 levels left

rFire   . . .        h - +1 short sword
rCold   . . .        (no shield)
rNeg    + . .        a - +1 robe
rPois   ∞            (no helmet)
rElec   +            g - +0 cloak
rCorr   .            (no gloves)
SInv    .            (no boots)
Will    .....        (no amulet)
Stlth   ++           (no ring)
HPRegen 0.22/turn    (no ring)
MPRegen 0.09/turn

%: no passive effects
@: no status effects
A: sickness immunity, AC +2, negative energy resistance 1, electricity
resistance, torment resistance 1, petrification resistance
a: no special abilities


You were on level 3 of the Dungeon.
You visited 1 branch of the dungeon, and saw 4 of its levels.

You collected 71 gold pieces.


Innate Abilities, Weirdness & Mutations

You are immune to sickness and miasma.
Your stone body is resilient. (AC +2)
You are immune to poison.
You resist negative energy. (rN+)
You are resistant to electric shocks. (rElec)
You are resistant to unholy torment.
You are immune to petrification.


   Skills:
 - Level 1.5 Dodging
 - Level 2.1 Stealth
 + Level 2.3 Spellcasting
 - Level 0.7 Transmutations
 * Level 4.5 Earth Magic


You had 4 spell levels left.
You knew the following spells:

 Your Spells              Type           Power      Damage    Failure   Level
a - Sandblast             Erth           30%        2d9       3%          1

Your spell library contained the following spells:

 Spells                   Type           Power      Damage    Failure   Level
 Passwall                 Tmut/Erth      7%         N/A       11%         2
 Stone Arrow              Conj/Erth      16%        3d8       26%         3
 Poisonous Vapours        Pois/Air       2%         N/A       32%         2
 Mephitic Cloud           Conj/Pois/Air  1%         N/A       54%         3
 Petrify                  Tmut/Erth      9%         N/A       58%         4
 Brom's Barrelling Bould  Conj/Erth      8%         2d3       63%         4
 Freezing Cloud           Conj/Ice/Air   0%         6-21      99%         5

Inventory:

Hand Weapons
 h - a +1 short sword (weapon)
   (You took it off a kobold on level 1 of the Dungeon)
Missiles
 c - 24 stones
Armour
 a - a +1 robe (worn)
 g - a +0 cloak (worn)
   (You found it on level 3 of the Dungeon)
Jewellery
 f - a ring of protection from fire
   (You found it on level 1 of the Dungeon)
 F - a ring of protection from fire
   (You found it on level 1 of the Dungeon)
Wands
 i - a wand of flame (13)
   (You found it on level 2 of the Dungeon)
Scrolls
 e - a scroll of revelation
Potions
 b - a potion of magic

Dungeon Overview and Level Annotations

Branches:
Dungeon (4/15) Zot: 23183
 Temple: D:4-7

Altars:

Annotations:
D:3 Terence

,,,,,~~~~~,,,,,,.................
,<,,,~~∩~~........@......†.....†.
,,,,,~~~~~..#................†...
,,,,,,~~~...........g............
,,,,,,,,,........................
,,,,,,,,,........................
,,,,,,*,,.......*####........###.
,,,,,,*,,.......#####...###### #.
*,,,,,,,,,,,#...@@..........# *,
*,,,,,,,,......######.#####.#* *,
,,,>,,,,,.####,,,***#.# *,,***,
*,,,,,,,,,* ***,,,,..#* **,,**,
,,,,,,,,,,* ****##..******,**,
,,,,,,,,,,* *,,...,,,,,*,,*,
,,,,,,,,,,* *,,...$,,,,,,,,,
,,,,,,,<,,* *,,....,,,,,,,,,
,,,,,,,,,,* *,,,,,,,,,,,,,,,


You could see Terence.


Message History

Press: ? - help, Shift-Dir - straight line, f/p - bat
Aim: a bat (ally target, 73% to hit)
The blast of sand hits the bat.
The bat barely misses you. x3
The bat hits you but does no damage. The bat closely misses your rat.
Your rat misses the bat. 😎 MP[-1]
You lost 1 mp, and now have 1/5 mp.
Casting: Sandblast (safe; 3% risk of failure)
Confirm with . or Enter, or press ? or * to list all spells.
Aiming: Sandblast (safe; 3% risk of failure)
Press: ? - help, Shift-Dir - straight line, f/p - bat
Aim: a bat (severely wounded, ally target, 73% to hit)
The blast of sand hits the bat!
You kill the bat! 😎 MP[-1]
You lost 1 mp, and now have 0/5 mp. 😎 MP[+1]
You see here a +0 cloak.
g - a +0 cloak You start putting on your armour.
You continue putting on your +0 cloak. x3
Your rat dissolves into shadows!
You continue putting on your +0 cloak.
You finish putting on your +0 cloak. 😎 MP[+1]
A bat comes into view.
Terence and a hobgoblin come into view.
Terence is wielding a +4 flail of protection.
The bat barely misses you. The bat hits you but does no damage.
The bat misses you.
Casting: Sandblast (safe; 3% risk of failure)
Confirm with . or Enter, or press ? or * to list all spells.
Aiming: Sandblast (safe; 3% risk of failure)
Press: ? - help, Shift-Dir - straight line, f - bat
Aim: a bat (73% to hit)
The blast of sand hits the bat!
You kill the bat!
The hobgoblin shouts!
You hear the slow rusting of a drain very nearby.
A giant cockroach comes into view. 😎 MP[+1]
Casting: Sandblast (safe; 3% risk of failure)
Confirm with . or Enter, or press ? or * to list all spells.
Aiming: Sandblast (safe; 3% risk of failure)
Press: ? - help, Shift-Dir - straight line, f - giant cockroach
Aim: a giant cockroach (82% to hit)
The blast of sand hits the giant cockroach.
You kill the giant cockroach! 😎 MP[-1]
You lost 1 mp, and now have 2/5 mp.
Casting: Sandblast (safe; 3% risk of failure)
Confirm with . or Enter, or press ? or * to list all spells.
Aiming: Sandblast (safe; 3% risk of failure)
Press: ? - help, Shift-Dir - straight line, f - hobgoblin
Aim: a hobgoblin (82% to hit)
The blast of sand hits the hobgoblin.
Terence shouts! 😎 MP[-1]
You lost 1 mp, and now have 1/5 mp.
Casting: Sandblast (safe; 3% risk of failure)
Confirm with . or Enter, or press ? or * to list all spells.
Aiming: Sandblast (safe; 3% risk of failure)
Press: ? - help, Shift-Dir - straight line, f/p - hobgoblin
Aim: a hobgoblin (almost dead, 82% to hit)
The blast of sand hits the hobgoblin!
You kill the hobgoblin! 😎 MP[-1]
You lost 1 mp, and now have 0/5 mp.
Okay, then.
Aiming: Throw Flame
Press: ? - help, Shift-Dir - straight line, f - Terence
Aim: Terence, wielding a +4 flail of protection and wearing a +0 chain mail (77% to hit)
The puff of flame hits Terence but does no damage.
It was a potion of curing.
You feel better.
Okay, then.
Unknown command.
You hit Terence but do no damage.
Terence hits you with a +4 flail of protection. 😕 HP[-1]
You take 1 damage, and now have 14/15 hp.
You hit Terence but do no damage. Terence barely misses you.
You closely miss Terence. Terence barely misses you.
You hit Terence but do no damage.
Terence hits you with a +4 flail of protection. 😮 HP[-4] MP[+1]
You take 4 damage, and now have 10/15 hp.
MASSIVE DAMAGE!! (PAUSE)
You hit Terence but do no damage.
Terence hits you with a +4 flail of protection!
* * * LOW HITPOINT WARNING * * *
😨 HP[-6]
You take 6 damage, and now have 4/15 hp.
MASSIVE DAMAGE!! (PAUSE)
Casting: Sandblast (safe; 3% risk of failure)
Confirm with . or Enter, or press ? or * to list all spells.
Aiming: Sandblast (safe; 3% risk of failure)
Press: ? - help, Shift-Dir - straight line, f/p - Terence
Aim: Terence, wielding a +4 flail of protection and wearing a +0 chain mail (87% to hit)
The blast of sand hits Terence.
Terence hits you with a +4 flail of protection.
You die...

Skill      XL: |  1 |
---------------+----+-----
Earth Magic    | 4 |  4.5
Dodging        | |  1.5
Stealth        | |  2.1
Spellcasting   | |  2.3
Transmutations | |  0.7

Action                     || total
---------------------------++-------
  Melee: Short sword       ||     5
   Cast: Sandblast         ||    27
  Evoke: Wand              ||     1
    Use: Scroll            ||     5
         Potion            ||     1
 Armour: Robe              ||    12
  Dodge: Dodged            ||    11

Levels and vault maps discovered:
D:1:      psy_arrival_dodecagon, layout_basic,
          shapermc_ecumenical_altar_starsandcircs
D:2:      layout_rooms
D:3:      layout_rooms, portal_sewer_entry_a, uniq_terence
D:4:      layout_basic

Notes
Turn   | Place    | Note
-------+----------+-------------------------------------------
     0 | D:1      | kae the Gargoyle Earth Elementalist began the quest for the
                  | Orb.
     0 | D:1      | Reached XP level 1. HP: 10/10 MP: 3/3
     0 | D:1      | magus.rc [v1.11.3]
   143 | D:1      | Found a faded altar of an unknown god.
   219 | D:1      | Reached skill level 4 in Earth Magic
   246 | D:1      | Reached XP level 2. HP: 15/15 MP: 0/5
   572 | D:1      | You pick up a book of Vapours and begin reading...
   572 | D:1      | You add the spells Poisonous Vapours, Mephitic Cloud and
                  | Freezing Cloud to your library.
   707 | D:2      | You fall into a shaft and drop 2 floors!
   772 | D:3      | Noticed Terence
   803 | D:3      | Slain by Terence

Vanquished Creatures
  A dart slug (D:1)
  2 ball pythons (D:1)
  An endoplasm (D:1)
  A giant cockroach (D:3)
  5 hobgoblins
  3 kobolds (D:1)
  2 bats (D:3)
  A goblin (D:1)
  2 rats
18 creatures vanquished.

Vanquished Creatures (collateral kills)
  A ball python (D:3)
1 creature vanquished.

Grand Total: 19 creatures vanquished

Table legend:
 A = Non-vault XP
 B = Vault XP
 C = Vault XP percentage of total XP
 D = Non-vault monster count
 E = Vault monster count
 F = Vault count percentage of total count
                 A         B        C        D         E       F
            +---------+---------+-------+---------+---------+-------
      Total |      30 |       2 |   6.2 |      18 |       1 |   5.3
            +---------+---------+-------+---------+---------+-------
        D:1 |      22 |       0 |   0.0 |      12 |       0 |   0.0
        D:2 |       1 |       0 |   0.0 |       1 |       0 |   0.0
        D:3 |       7 |       2 |  22.2 |       5 |       1 |  16.7
            +---------+---------+-------+---------+---------+-------

Skill      XL: |  1 |
---------------+----+-----
Earth Magic    | 4 |  4.5
Dodging        | |  1.5
Stealth        | |  2.1
Spellcasting   | |  2.3
Transmutations | |  0.7

Action                     || total
---------------------------++-------
  Melee: Short sword       ||     5
   Cast: Sandblast         ||    27
  Evoke: Wand              ||     1
    Use: Scroll            ||     5
         Potion            ||     1
 Armour: Robe              ||    12
  Dodge: Dodged            ||    11

Illustrated notes

Table legend:
 A = Kills in this place as a percentage of kills in the entire game.
 B = Kills by you in this place as a percentage of kills by you in the entire game.
 C = Kills by friends in this place as a percentage of kills by friends in the entire game.
 D = Other kills in this place as a percentage of other kills in the entire game.
 E = Experience gained in this place as a percentage of experience gained in the entire game.
 F = Experience gained in this place divided by the number of levels of this place that you have seen.
                   A       B       C       D       E      F
               +-------+-------+-------+-------+-------+----------------------
         Total | 100.0 | 100.0 | 100.0 |   N/A | 100.0 |   8.0
       Dungeon | 100.0 | 100.0 | 100.0 |   N/A | 100.0 |   8.0
               +-------+-------+-------+-------+-------+----------------------

Table legend: (Time is in decaauts)
 A = Elapsed time spent in this place.
 B = Non-inter-level travel time spent in this place.
 C = Inter-level travel time spent in this place.
 D = Time resting spent in this place.
 E = Time spent auto-exploring this place.
 F = Levels seen in this place.
 G = Mean time per level.
                   A        B        C        D        E       F      G
               +--------+--------+--------+--------+--------+-----+--------+
         Total |    814 |    796 |     18 |      0 |    636 |   4 |  203.5 |
       Dungeon |    814 |    796 |     18 |      0 |    636 |   4 |  203.5 |
               +--------+--------+--------+--------+--------+-----+--------+

Top non-repeatable levels by time:
     D:1: 684 daAuts
     D:3: 64 daAuts
     D:4: 35 daAuts
     D:2: 30 daAuts
